AoeStats
← Green Assassin

Nomad

504720488Analyzed
4v4 RM · 25d ago on Sep 6, 2026· 58m 37s· 8 players
Game mode
Random Map
Map size
231×231
Population
200
Speed
Normal
Resources
Standard
Victory
Conquest
Starting age
Dark Age
Ending age
Imperial Age
RankedLock teamsTeams togetherTeam positionsShared explorationLock speedFull tech treeHidden civsTurbo modeCheats
Victory
Defeat
🇦🇺 Dravidians · Australia
1328
+11
🇦🇺 Armenians · Australia
1272
+13
🇨🇳 Burmese · China
1179
+17
🇦🇺 Britons · Australia
1095
+19
🇹🇼 Magyars · Taiwan
1225
-16
🇱🇹 Saracens · Lithuania
1218
-16
🇬🇧 Huns · United Kingdom
1179
-14
🇩🇪 Japanese · Germany
1170
-14
yes my lord
5:24 Loom
13:16 Feudal Age
13:50 Double-Bit Axe
21:33 Castle Age
19:56 Horse Collar
23:33 Bow Saw
23:24 Heavy Plow
23:51 Medium Warships
24:44 Wheelbarrow
26:18 Town Watch
30:29 Gold Mining
32:53 Scale Barding Armor
32:54 Stone Mining
33:40 Gold Shaft Mining
35:40 Imperial Age
34:00 Hand Cart
34:06 Chain Barding Armor
35:14 Bloodlines
35:05 Husbandry
35:56 Gold Shaft Mining
37:21 Two-Man Saw
36:53 Crop Rotation
37:00 Plate Barding Armor
35:47 Cavalier
38:12 Conscription
38:06 Paladin
39:50 Fletching
40:38 Ballistics
39:59 Treadmill Crane
43:13 Bodkin Arrow
43:18 Padded Archer Armor
44:20 Bracer
44:56 Thumb Ring
45:54 Chemistry
45:01 Siege Engineers
45:07 Masonry
45:58 Leather Archer Armor
46:17 Scale Mail Armor
46:22 Murder Holes
48:54 Corvinian Army
49:00 Recurve Bow
50:02 Ring Archer Armor
50:14 Hoardings
49:47 Heavy Cavalry Archer
50:53 Parthian Tactics
52:56 Elite Magyar Huszar
53:58 Corvinian Army
Bangputys
3:48 Loom
14:28 Feudal Age
16:28 Fletching
17:06 Gold Mining
17:46 Double-Bit Axe
21:42 Castle Age
21:12 Stone Mining
24:24 Medium Warships
29:52 Scale Barding Armor
31:58 Wheelbarrow
Green Assassin
3:55 Loom
12:50 Feudal Age
13:45 Double-Bit Axe
18:16 Fletching
20:07 Fishing Lines
23:32 Castle Age
22:20 Horse Collar
24:15 Wheelbarrow
24:33 Medium Warships
24:24 Bodkin Arrow
24:58 Bow Saw
27:23 Clinker Construction
28:25 Ballistics
31:28 Murder Holes
34:08 Scale Mail Armor
24601
4:01 Loom
14:34 Feudal Age
20:01 Castle Age
19:59 Wheelbarrow
19:13 Double-Bit Axe
19:10 Horse Collar
19:46 Fletching
19:57 Padded Archer Armor
25:38 Thumb Ring
33:21 Bodkin Arrow
35:17 Ballistics
38:45 Imperial Age
37:33 Leather Archer Armor
38:16 Hand Cart
41:30 Parthian Tactics
42:03 Conscription
42:39 Heavy Cavalry Archer
43:58 Bracer
45:08 Chemistry
笑春风
4:40 Loom
13:17 Feudal Age
14:39 Fishing Lines
18:03 Castle Age
16:22 Horse Collar
17:41 Wheelbarrow
17:20 Scale Mail Armor
18:44 Forging
18:51 Gillnets
18:59 Pikeman
19:56 Chain Mail Armor
21:40 Squires
23:30 Iron Casting
23:00 Gold Mining
24:02 Medium Warships
24:12 Fletching
24:58 Stone Mining
24:58 Gambesons
24:58 Arson
30:43 Heavy Plow
34:10 Imperial Age
32:04 Town Watch
32:52 Bodkin Arrow
32:39 Treadmill Crane
32:55 Murder Holes
33:52 Hand Cart
34:05 Man-at-Arms
34:14 Halberdier
35:16 Conscription
34:58 Manipur Cavalry
36:05 Plate Mail Armor
37:08 Blast Furnace
37:00 Gold Shaft Mining
36:48 Bracer
37:05 Masonry
36:32 Long Swordsman
37:26 Two-Handed Swordsman
40:02 Chemistry
39:23 Ballistics
39:34 Architecture
39:33 Howdah
39:35 Padded Archer Armor
39:47 Champion
43:53 Crop Rotation
44:48 Town Patrol
47:20 Heavy Warships
49:24 Scale Barding Armor
51:14 Chain Barding Armor
54:41 Plate Barding Armor
56:25 Demolition Ship
56:25 Elite Cannon Galleon
56:57 Guard Tower
57:13 Siege Engineers
57:19 Fortified Wall
56:59 Heated Shot
57:31 Elite Arambai
58:51 Keep
58:30 Fervor
58:16 Herbal Medicine
58:57 Theocracy
58:37 Block Printing
58:47 Illumination
58:23 Atonement
58:33 Redemption
58:24 Devotion
58:44 Sanctity
58:41 Clinker Construction
58:41 Careening
Papabear
12:59 Feudal Age
13:50 Double-Bit Axe
14:06 Gold Mining
22:38 Castle Age
23:49 Medium Warships
23:37 Fletching
24:51 Careening
24:53 Clinker Construction
25:41 Bow Saw
26:04 Fishing Lines
27:54 Gillnets
28:04 Stone Mining
28:58 Ballistics
33:53 Loom
34:44 Wheelbarrow
36:08 Bodkin Arrow
36:14 Pikeman
36:54 Squires
37:09 Thumb Ring
37:51 Padded Archer Armor
37:53 Husbandry
39:25 Arson
39:41 Scale Mail Armor
39:51 Forging
42:59 Chain Mail Armor
43:19 Iron Casting
46:15 Imperial Age
44:11 Murder Holes
44:27 Masonry
46:02 Iron Casting
47:52 Hand Cart
47:03 Halberdier
49:18 Conscription
48:36 Crossbowman
50:11 Conscription
_Spilsy_
11:40 Loom
14:51 Feudal Age
20:38 Castle Age
25:16 Crossbowman
28:47 Fletching
28:52 Elite Skirmisher
34:11 Padded Archer Armor
36:03 Yeomen
45:06 Bodkin Arrow
46:37 Ballistics
46:13 Murder Holes
51:06 Imperial Age
50:03 Pikeman
53:44 Imperial Age
55:15 Imperial Age
55:16 Halberdier
ParryStyles
5:57 Loom
13:44 Feudal Age
15:19 Double-Bit Axe
17:26 Padded Archer Armor
19:30 Castle Age
19:02 Scale Mail Armor
19:02 Man-at-Arms
20:45 Gambesons
21:19 Long Swordsman
29:57 Fletching
43:40 Padded Archer Armor
46:37 Bodkin Arrow
49:29 Leather Archer Armor
Connection lost

Rejoining the realm…

Still unreachable

The connection could not be restored.

Session expired

The server has moved on; the page needs a fresh start.